 Dungeon Crawl Stone Soup version 0.31-a0-150-g89dc3ad700 (webtiles) character file.

Game seed: 10641864205230181846

718 Ijustatesigmund the Stinger (level 7, -7/43 HPs)
             Began as an Octopode Venom Mage on June 8, 2023.
             Mangled by a sleepcap (21 damage)
             ... on level 4 of the Dungeon.
             The game lasted 00:13:11 (4115 turns).

Ijustatesigmund the Stinger (Octopode Venom Mage)   Turns: 4115, Time: 00:13:12

Health: -7/43      AC:  1    Str:  7    XL:     7   Next: 70%
Magic:  7/12       EV:  2    Int: 19    God:
Gold:   276        SH:  0    Dex: 11    Spells: 2/13 levels left

rFire   . . .        b - +3 spear (vamp)
rCold   x . .        (no shield)
rNeg    . . .        (helmet restricted)
rPois   .            (no amulet)
rElec   .            (no ring)
rCorr   .            (no ring)
SInv    .            (no ring)
Will    .....        (no ring)
Stlth   +++          (no ring)
HPRegen 0.27/turn    (no ring)
MPRegen 0.13/turn    (no ring)
                     (no ring)

%: no passive effects
@: sleeping
A: almost no armour, amphibious, 8 rings, camouflage 1, gelatinous body 1,
(nimble swimmer 1), tentacles, clumsy 1, cold vulnerability 1
a: no special abilities


You were on level 4 of the Dungeon.
You visited 1 branch of the dungeon, and saw 4 of its levels.
You also visited: Ossuary.

You collected 276 gold pieces.

Inventory:

Hand Weapons
 b - a +3 vampiric spear (weapon)
Armour
 m - a +1 kite shield
Magical Staves
 o - a staff of death
Jewellery
 d - a ring of fire
 k - a ring of willpower
Wands
 l - a wand of roots (14)
Scrolls
 c - 2 scrolls of magic mapping
 h - 2 scrolls of teleportation
 j - a scroll of poison {unknown}
 n - a scroll of immolation
Potions
 a - a potion of magic
 e - 2 potions of brilliance
 f - 2 potions of haste {unknown}
 g - 3 potions of degeneration {unknown}
 i - 2 potions of enlightenment {unknown}


   Skills:
 - Level 1.1 Fighting
 - Level 2.0 Dodging
 - Level 2.6 Stealth
 - Level 3.9 Spellcasting
 - Level 3.3 Conjurations
 - Level 1.2 Transmutations
 - Level 3.4 Air Magic
 + Level 2.5 Earth Magic
 - Level 5.8 Poison Magic


You had 2 spell levels left.
You knew the following spells:

 Your Spells              Type           Power      Damage    Failure   Level
a - Sting                 Tmut/Pois      68%        1d6       3%          1
b - Poisonous Vapours     Pois/Air       42%        N/A       3%          2
c - Mephitic Cloud        Conj/Pois/Air  19%        N/A       8%          3
d - Passwall              Tmut/Erth      9%         N/A       10%         2
e - Stone Arrow           Conj/Erth      28%        3d8       12%         3

Your spell library contained the following spells:

 Spells                   Type           Power      Damage    Failure   Level
 Sandblast                Erth           26%        2d8       4%          1
 Summon Small Mammal      Summ           12%        N/A       14%         1
 Blink                    Tloc           6%         N/A       22%         2
 Ensorcelled Hibernation  Hex/Ice        6%         N/A       22%         2
 Swiftness                Air            16%        N/A       10%         3
 Olgreb's Toxic Radiance  Pois           25%        N/A       13%         4
 Call Canine Familiar     Summ           3%         N/A       38%         3
 Summon Guardian Golem    Hex/Summ       3%         N/A       38%         3
 Manifold Assault         Tloc           3%         N/A       80%         4
 Freezing Cloud           Conj/Ice/Air   6%         6-21      83%         5
 Storm Form               Tmut/Air       6%         N/A       100%        7


Dungeon Overview and Level Annotations

Branches:
Dungeon (4/15)            Ossuary (visited)
 Temple: D:4-7

Altars:
Dithmenos
Makhleb
Okawaru
Ru
Xom


Innate Abilities, Weirdness & Mutations

You cannot wear most types of armour.
You are amphibious.
You can wear up to eight rings at the same time.
Your skin changes colour to match your surroundings (Stealth+).
Your rubbery body absorbs attacks. (AC +1, EV +1)
((You are camouflaged when in or above water. (Stealth+)))
You have tentacles for arms and can constrict up to eight enemies at once.
You are clumsy. (Dex -2)
You are vulnerable to cold. (rC-)


Message History

The iguana is severely wounded.
You closely miss the iguana. Your grab misses the iguana.
The iguana is almost dead.
The iguana bites you!
You hit the iguana.
You feel better.
Your grab misses the iguana. Your squeeze misses the iguana.
The iguana is almost dead.
You kill the iguana!
The ufetubus closely misses you. The ufetubus misses you.
You hit the ufetubus. You grab the ufetubus.
The ufetubus is lightly wounded.
You constrict the ufetubus.
The ufetubus hits you but does no damage.
The ufetubus hits you. x2; The ufetubus misses you.
You hit the ufetubus but do no damage. You tentacle-slap the ufetubus.
The ufetubus is heavily wounded.
You constrict the ufetubus. The sleepcap releases spores at you!
The ufetubus misses you. The ufetubus hits you.
You are too injured to fight recklessly!
You are too injured to fight recklessly!
You are too injured to fight recklessly!
You are too injured to fight recklessly!
You are too injured to fight recklessly!
You are too injured to fight recklessly!
You are too injured to fight recklessly!
You are too injured to fight recklessly!
You are too injured to fight recklessly!
You are too injured to fight recklessly!
You are too injured to fight recklessly!
You are too injured to fight recklessly!
You are too injured to fight recklessly!
You are too injured to fight recklessly!
You are too injured to fight recklessly!
You hit the ufetubus but do no damage. You squeeze the ufetubus.
You kill the ufetubus!
The sleepcap releases spores at you!
You are engulfed in a cloud of soporific spores!
You fall asleep.
The sleepcap releases spores at you!!
You die...

###..#.#.#..#.# # #
#..#.#.#..#.#### # #
#..#.#'#..#....### # *
#.........####...## ##
**#.#....#### #.....############.
,..###.############..............
#.#* ###,.........#.############.
.#* *,......f..### #. ..#*
###,,**,,##@#* #.
...###.#+###**#..## ######.
#...#..#...#,,#..8#########......
##...).#...#,,##.....†.'.##.####.
.##....##..#,,*#...(.†.#....# #.
##.....##..+,,#..8#########.####.
#......#...####..####..####<#....
..##.###...#..##+#..##........#.#
.###.#*##..#........#######.#...#


You could see a sleepcap.

Vanquished Creatures
  An ogre (D:4)
  An elf zombie (Ossuary)
  A scorpion (D:4)
  A gnoll bouda (D:4)
  A jelly (D:4)
  An orc priest (D:4)
  A hound (D:4)
  4 human zombies (Ossuary)
  An iguana (D:4)
  5 mummies
  An adder (D:4)
  6 gnolls
  2 ufetubi (D:4)
  3 worms
  3 dart slugs
  3 orcs (D:4)
  5 ball pythons
  5 bats
  16 endoplasms
  4 giant cockroaches
  4 goblins
  4 hobgoblins
  A jackal (D:4)
  9 quokkas
  3 frilled lizards
  A goblin zombie (Ossuary)
  A hobgoblin zombie (Ossuary)
  6 kobolds
  3 kobold zombies (Ossuary)
  6 rats
  2 rat zombies (Ossuary)
105 creatures vanquished.

Notes
Turn   | Place    | Note
-------+----------+-------------------------------------------
     0 | D:1      | Ijustatesigmund the Octopode Venom Mage began the quest for
                  | the Orb.
     0 | D:1      | Reached XP level 1. HP: 11/11 MP: 3/3
   174 | D:1      | Reached XP level 2. HP: 18/18 MP: 1/5
   177 | D:1      | Learned a level 2 spell: Poisonous Vapours
   426 | D:1      | Reached skill level 1 in Fighting
   540 | D:1      | Reached skill level 4 in Poison Magic
   540 | D:1      | Reached XP level 3. HP: 23/23 MP: 3/6
   544 | D:1      | Learned a level 3 spell: Mephitic Cloud
  1087 | D:2      | Identified the +2 chain mail "Kih Sisohu" {rC++ Dex-2}
  1192 | D:2      | Reached skill level 1 in Air Magic
  1378 | D:2      | Found a faded altar of an unknown god.
  1722 | D:3      | Reached skill level 1 in Conjurations
  1722 | D:3      | Reached XP level 4. HP: 27/28 MP: 4/7
  2505 | D:4      | Learned a level 2 spell: Passwall
  2543 | D:4      | Found a sand-covered staircase.
  2552 | Ossuary  | Entered an ossuary
  2573 | Ossuary  | Reached XP level 5. HP: 22/33 MP: 9/9
  2674 | Ossuary  | Gained mutation: You have hidden genetic defects. [potion
                  | of mutation]
  2691 | Ossuary  | Reached XP level 6. HP: 6/38 MP: 10/10
  2701 | Ossuary  | Gained mutation: You are vulnerable to cold. (rC-) [hidden
                  | defects]
  2879 | Ossuary  | Reached skill level 5 in Poison Magic
  2997 | Ossuary  | Gained mutation: You are clumsy. (Dex -2) [hidden defects]
  2997 | Ossuary  | Lost mutation: You have hidden genetic defects. [hidden
                  | defects expressed]
  3170 | D:4      | Found a shadowy altar of Dithmenos.
  3330 | D:4      | Reached XP level 7. HP: 24/43 MP: 7/12
  3510 | D:4      | Learned a level 3 spell: Stone Arrow
  3523 | D:4      | Found a burning altar of Makhleb.
  3531 | D:4      | Found a shimmering altar of Xom.
  3532 | D:4      | Found a sacrificial altar of Ru.
  3533 | D:4      | Found an iron altar of Okawaru.
  3545 | D:4      | Reached skill level 1 in Earth Magic
  3692 | D:4      | HP: 2/43 [acid (6)]
  4115 | D:4      | Mangled by a sleepcap

Illustrated notes

Levels and vault maps discovered:
D:1:      minmay_arrival_semitransparent, layout_loops_ring, st_stairs_6,
          minmay_misc_feat_iff, nicolae_wormholes
D:2:      layout_basic, hellmonk_ecumenical_altar_blasted
D:3:      layout_loops_cross, serial_park_tiny_2
D:4:      minmay_chambers_of_twos, layout_loops_ring,
          mainiacjoe_overflow_surrounded_room, grunt_dithmenos_smoke,
          grunt_temple_overflow_open, nzn_hepliaklqana_mist_gate,
          portal_sewer_entry_f, gup_ossuary_entry_pyramid

Skill      XL: |  1  2  3  4  5  6  7 |
---------------+----------------------+-----
Fighting       | 1 |  1.1
Poison Magic   | 4 5 |  5.8
Air Magic      | 1 2 3 |  3.4
Conjurations   | 1 2 3 |  3.3
Spellcasting   | 3 |  3.9
Earth Magic    | 2 |  2.5
Dodging        | |  2.0
Stealth        | |  2.6
Transmutations | |  1.2

Action                     |  1- 3 |  4- 6 |  7- 9 || total
---------------------------+-------+-------+-------++-------
  Melee: Dagger            |     8 |       |       ||     8
         Constrict         |     7 |    27 |     6 ||    40
         Flail             |    29 |       |       ||    29
         Tentacles         |     5 |    30 |    13 ||    48
         Spear             |       |   155 |    43 ||   198
         Punch             |       |     3 |     1 ||     4
   Cast: Sting             |    70 |     2 |       ||    72
         Poisonous Vapours |       |     9 |     8 ||    17
         Passwall          |       |     2 |       ||     2
         Stone Arrow       |       |       |     2 ||     2
         Mephitic Cloud    |       |       |     1 ||     1
    Use: Scroll            |       |    11 |       ||    11
         Potion            |       |     7 |       ||     7
   Stab: Sleeping          |       |     8 |     2 ||    10
         Distracted        |       |     1 |       ||     1
 Armour: Skin              |     1 |    21 |     1 ||    23
  Dodge: Dodged            |    24 |    61 |    20 ||   105

Table legend: (Time is in decaauts)
 A = Elapsed time spent in this place.
 B = Non-inter-level travel time spent in this place.
 C = Inter-level travel time spent in this place.
 D = Time resting spent in this place.
 E = Time spent auto-exploring this place.
 F = Levels seen in this place.
 G = Mean time per level.
                   A        B        C        D        E       F      G
               +--------+--------+--------+--------+--------+-----+--------+
         Total |   4144 |   4056 |     88 |    663 |   2347 |   5 |  828.8 |
       Dungeon |   3566 |   3478 |     88 |    526 |   2261 |   4 |  891.5 |
       Ossuary |    578 |    578 |      0 |    137 |     86 |   1 |  578.0 |
               +--------+--------+--------+--------+--------+-----+--------+

Top non-repeatable levels by time:
     D:4: 1057 daAuts
     D:1: 1057 daAuts
     D:3: 800 daAuts
     D:2: 650 daAuts
 Ossuary: 578 daAuts
